 Dungeon Crawl Stone Soup version 0.21-a0 (webtiles) character file.

93 tyvek the Covered (level 4, 0/29 HPs)
             Began as a Gargoyle Fighter on May 18, 2017.
             Killed by nerve-wracking pain
             ... invoked by Grinder
              (2 damage)
             ... on level 3 of the Dungeon.
             The game lasted 00:02:59 (2021 turns).

tyvek the Covered (Gargoyle Fighter)                Turns: 2021, Time: 00:02:59

Health: 0/29       AC: 10    Str: 21    XL:     4   Next: 61%
Magic:  4/4        EV:  7    Int:  8    God:
Gold:   163        SH:  9    Dex:  9    Spells: 3/3 levels left

rFire    . . .     SeeInvis .   a - +0 war axe
rCold    . . .     Gourm    .   c - +0 shield
rNeg     + . .     Faith    .   b - +0 scale mail
rPois    ∞         Spirit   .   (no helmet)
rElec    +         Reflect  .   (no cloak)
rCorr    .         Harm     .   (no gloves)
MR       .....                  (no boots)
Stlth    ..........             (no amulet)
Regen    0.1/turn               (no ring)
MPRegen  0.1/turn               (no ring)

@: no status effects
A: negative energy resistance 1, electricity resistance, unbreathing,
petrification resistance, rot immunity, AC +3
a: no special abilities


You were on level 3 of the Dungeon.
You were not hungry.

You visited 1 branch of the dungeon, and saw 3 of its levels.

You collected 163 gold pieces.


Innate Abilities, Weirdness & Mutations

You are resistant to torment.
Your stone body is resilient. (AC +3)
You are immune to poison.
You resist negative energy. (rN+)
You are resistant to electric shocks. (rElec)
You can survive without breathing.
You are immune to petrification.
You are immune to rotting.


   Skills:
 + Level 3.8 Fighting
 * Level 3.1 Axes
 + Level 3.9 Armour
 + Level 3.7 Shields


You had 3 spell levels left.
You didn't know any spells.

Inventory:

Hand Weapons
 a - a +0 war axe (weapon)
Missiles
 i - a throwing net {=f}
Armour
 b - a +0 scale mail (worn)
 c - a +0 shield (worn)
Wands
 r - a wand of clouds (8/9)
Scrolls
 e - a scroll of identify {@r1}
 s - a scroll of amnesia
Potions
 d - a potion of might
 h - a potion of ambrosia {unknown}
 l - a potion of resistance
 n - 2 potions of agility
 o - 2 potions of brilliance {unknown}
 p - a potion of curing {@q1}
Comestibles
 f - 3 bread rations {@e1}
 g - 7 chunks of flesh
 j - 3 meat rations {@e1}

Dungeon Overview and Level Annotations

Branches:
Dungeon (3/15)

Altars:
Ru
Vehumet

Annotations:
D:3 Grinder

#.... #.......## .......
... ##........#
..###...##.# ...........#
..# ...##.##.# ........#
..# #......#.# .......# ..#
#...#....# ...... ..#
#.#.#.#..#####[)# .#
..####.#.#...........#...##
...>......).....@.........#
..##.#.####.....5..#.##.###
..##...# #........#.# #
..###..# #........#.#
...##..####........#.#
...###......#.######.#
....###.###.#.# >#
..#..##.# #.#.# .#
..##....# .....


You could see Grinder.


Message History

You slash Grinder!
Grinder is heavily wounded.
Grinder hits you but does no damage.
You hit Grinder but do no damage.
Grinder is heavily wounded.
Grinder gestures at you. You resist with significant effort.
Grinder barely misses you.
You slash Grinder!
Grinder is almost dead.
Grinder hits you but does no damage.
Your shield prevents you from hitting Grinder.
Grinder is almost dead.
Grinder blinks!
Grinder gestures at you. You resist with significant effort.
Grinder gestures at you. Pain shoots through your body!
* * * LOW HITPOINT WARNING * * *
You closely miss Grinder.
Grinder is almost dead.
Grinder hits you.
* * * LOW HITPOINT WARNING * * *
You writhe in agony.
* * * LOW HITPOINT WARNING * * *
You closely miss Grinder.
Grinder is almost dead.
You block Grinder's attack. Grinder gestures at you.
Pain shoots through your body!
You die...

Skill      XL: |  1  2  3  4 |
---------------+-------------+-----
Axes           | 2 3 |  3.1
Fighting       | |  3.8
Armour         | |  3.9
Shields        | |  3.7

Action                   |  1- 3 |  4- 6 || total
-------------------------+-------+-------++-------
Melee: War axe           |   133 |    25 ||   158
  Use: Scroll            |    10 |       ||    10
 Stab: Paralysed         |     1 |       ||     1
  Eat: Chunk             |     3 |     1 ||     4
Armor: Scale mail        |    81 |    17 ||    98
Dodge: Dodged            |    57 |     2 ||    59
Block: Shield            |    81 |     6 ||    87

Vault maps used:
D:1:      dpeg_arrival_tiny_i, roderic_lattice_a, minmay_hexomino_f4
D:2:      nicolae_ru_great_annihilating_truth, marbit_many_paths, serial_forest,
          infiniplex_forest_corner_1, infiniplex_forest_clump_diagonal,
          infiniplex_forest_lined_corner, infiniplex_forest_diagonal,
          infiniplex_forest_lined_2, infiniplex_forest_straight_2,
          infiniplex_forest_straight_2
D:3:      uniq_jessica, uniq_grinder

Notes
Turn   | Place    | Note
-------+----------+-------------------------------------------
     0 | D:1      | tyvek the Gargoyle Fighter began the quest for the Orb.
     0 | D:1      | Reached XP level 1. HP: 14/14 MP: 1/1
    32 | D:1      | Reached skill level 2 in Axes
    93 | D:1      | Reached XP level 2. HP: 19/19 MP: 2/2
   674 | D:1      | Reached XP level 3. HP: 23/23 MP: 3/3
   732 | D:2      | Found a sacrificial altar of Ru.
  1103 | D:2      | Identified a potion of resistance
  1570 | D:2      | Found a radiant altar of Vehumet.
  1955 | D:3      | Reached XP level 4. HP: 26/29 MP: 4/4
  1972 | D:3      | Noticed Jessica
  1985 | D:3      | Killed Jessica
  1985 | D:3      | Reached skill level 3 in Axes
  1996 | D:3      | Noticed Grinder
  2002 | D:3      | Paralysed by Grinder for 2 turns
  2020 | D:3      | HP: 2/29 [Grinder (3)]
  2021 | D:3      | Killed from afar by Grinder

Vanquished Creatures
  Jessica (D:3)
  An ooze (D:1)
  2 worms (D:2)
  3 orcs (D:3)
  A ball python (D:1)
  3 giant cockroaches
  11 goblins
  4 hobgoblins (D:2)
  7 jackals
  4 kobolds (D:1)
  A quokka (D:2)
  5 bats
  4 frilled lizards
  A rat (D:3)
48 creatures vanquished.
